 Dungeon Crawl Stone Soup version 0.27.0-1-g7a089689b8 (webtiles) character file.

Game seed: 57255531930560652

1639 ZombieSheep the Insei (level 8, 0/68 HPs)
             Began as a Yellow Draconian Transmuter on Aug 3, 2021.
             Succumbed to a water moccasin's poison
             ... on level 5 of the Dungeon.
             The game lasted 00:18:23 (6251 turns).

ZombieSheep the Insei (Yellow Draconian Transmuter) Turns: 6251, Time: 00:18:24

Health: 0/68       AC:  2    Str: 12    XL:     8   Next: 66%
Magic:  10/15      EV: 22    Int: 16    God:
Gold:   225        SH:  0    Dex: 17    Spells: 12/16 levels left

rFire    . . .     SeeInvis .     - Unarmed
rCold    . . .     Faith    .   (shield currently unavailable)
rNeg     . . .     Spirit   .   (armour unavailable)
rPois    x         Reflect  .   (helmet currently unavailable)
rElec    .         Harm     .   (cloak currently unavailable)
rCorr    .         Rampage  .   (gloves currently unavailable)
Will     .....                  (boots currently unavailable)
Stlth    ++........             g - amulet of regeneration
HPRegen  1.21/turn              (no ring)
MPRegen  0.14/turn              (no ring)

@: lethally poisoned (0 -> -51), spider-form
A: venomous fangs, (spit acid), AC +6, tiny, unfitting armour, (cold-blooded),
(acid resistance)
a: End Transformation


You were on level 5 of the Dungeon.
You were a venomous arachnid creature.
You visited 1 branch of the dungeon, and saw 6 of its levels.

You collected 225 gold pieces.

Inventory:

Missiles
 h - 9 boomerangs
Armour
 l - a +0 pair of boots (melded)
 m - a +0 buckler
 o - a +0 cloak (melded)
Jewellery
 g - an amulet of regeneration (around neck)
Wands
 i - a wand of mindburst (8)
Scrolls
 c - 2 scrolls of enchant armour
 k - 2 scrolls of teleportation
Potions
 b - 2 potions of flight
 d - a potion of lignification
 e - 2 potions of magic
 f - a potion of brilliance {unknown}
 j - a potion of haste


   Skills:
 + Level 5.1 Fighting
 + Level 4.6 Dodging
 + Level 5.5 Unarmed Combat
 + Level 4.7 Spellcasting
 + Level 5.1 Transmutations
 - Level 2.5 Poison Magic


You had 12 spell levels left.
You knew the following spells:

 Your Spells              Type           Power      Damage    Failure   Level
a - Beastly Appendage     Tmut           40%        N/A       8%          1
b - Spider Form           Tmut/Pois      8%         N/A       24%         3

Your spell library contained the following spells:

 Spells                   Type           Power      Damage    Failure   Level
 Wereblood                Tmut           20%        N/A       11%         2
 Sublimation of Blood     Necr           1%         N/A       45%         2
 Ice Form                 Ice/Tmut       11%        N/A       71%         4
 Petrify                  Tmut/Erth      11%        N/A       71%         4
 Irradiate                Conj/Tmut      5%         3d15      94%         5
 Summon Forest            Summ/Tloc      1%         N/A       100%        5
 Summon Mana Viper        Hex/Summ       3%         N/A       100%        5
 Shadow Creatures         Summ           N/A        N/A       100%        6


Dungeon Overview and Level Annotations

Branches:
Dungeon (6/15)
 Temple: D:4-7

Altars:
Makhleb
Qazlal
Vehumet

Shops:
D:1 =   D:5 (


Innate Abilities, Weirdness & Mutations

You are a venomous arachnid creature.
You have poisonous fangs.
You are tiny and dextrous.
Your spellcasting is less reliable in this form.
Your armour is entirely melded.
You are incapable of wielding weapons or throwing items.
((You can spit globs of acid.))
((Your golden yellow scales are hard. (AC +6)))
You cannot fit into any form of body armour.
((You are cold-blooded and may be slowed by cold attacks.))
((You are resistant to acid. (rCorr)))


Message History

You bite the water moccasin!
The water moccasin is moderately wounded.
You feel extremely sick. The water moccasin barely misses you.
You barely miss the water moccasin.
The water moccasin is moderately wounded.
You feel very sick. The water moccasin misses you.
The water moccasin bites you but does no damage.
You hit the water moccasin but do no damage.
The water moccasin is moderately wounded.
You feel very sick. The water moccasin bites you.
You are more poisoned.
The water moccasin poisons you!
You barely miss the water moccasin.
The water moccasin is moderately wounded.
You feel extremely sick.
The wyvern hisses angrily.
The water moccasin completely misses you.
You feel extremely sick. The water moccasin bites you!
* * * LOW HITPOINT WARNING * * *
You are more poisoned.
The water moccasin poisons you!
Your magical contamination has completely faded away.
You climb upwards.
* * * LOW HITPOINT WARNING * * *
You feel extremely sick.
There is a stone staircase leading down here.
You feel much better.
* * * LOW HITPOINT WARNING * * *
You feel extremely sick. The water moccasin bites you.
* * * LOW HITPOINT WARNING * * *
You are more poisoned.
The water moccasin poisons you! The water moccasin misses you.
You hit the water moccasin.
The water moccasin is moderately wounded.
You die...

.#.# ##...# #..................
.#.###....#####..#.............##
.#.#......#...#..#.............##
.#.#......#......#...............
.................#.............##
.#.#.............#.............#
....##........#..#####.###.#####
....##........#..S...........#
................s......###.###
....##....#..........[.###.#####
....##..).#......##............#
....##.#.........##............#
...............................##
....#......####...##...(.<.......
....#..................###.######
.................................
....#....##.##......#).........##


You could see a water moccasin.

Vanquished Creatures
  Sigmund (D:4)
  A water moccasin (D:5)
  A black bear (D:5)
  2 ogres (D:4)
  A necrophage (D:4)
  A wyvern skeleton (D:6)
  2 scorpions (D:5)
  4 killer bees
  A jelly (D:4)
  A centaur skeleton (D:6)
  2 orc priests
  Crazy Yiuf (D:5)
  4 iguanas
  Jessica (D:2)
  A bullfrog skeleton (D:4)
  5 orc wizards
  Ijyb (D:3)
  3 hound skeletons
  A howler monkey skeleton (D:4)
  4 gnolls
  8 adders
  3 dart slugs
  13 orcs
  4 ball pythons
  2 bats
  4 endoplasms
  3 giant cockroaches
  4 goblins
  6 hobgoblins
  4 jackals (D:1)
  A quokka (D:1)
  A frilled lizard (D:2)
  6 kobolds
  4 rats
101 creatures vanquished.

Notes
Turn   | Place    | Note
-------+----------+-------------------------------------------
     0 | D:1      | ZombieSheep the Draconian Transmuter began the quest for
                  | the Orb.
     0 | D:1      | Reached XP level 1. HP: 16/16 MP: 3/3
   435 | D:1      | Reached XP level 2. HP: 23/23 MP: 3/5
   656 | D:1      | Found Boter's Jewellery Shoppe.
  1297 | D:2      | Reached XP level 3. HP: 21/29 MP: 3/6
  1304 | D:2      | Learned a level 3 spell: Spider Form
  1846 | D:2      | Reached XP level 4. HP: 36/36 MP: 5/7
  2149 | D:2      | Noticed Jessica
  2159 | D:2      | Killed Jessica
  2254 | D:2      | Reached skill level 1 in Poison Magic
  2698 | D:3      | Reached XP level 5. HP: 10/42 MP: 7/9
  3077 | D:3      | Found a burning altar of Makhleb.
  3590 | D:3      | Found a stormy altar of Qazlal.
  3592 | D:3      | Noticed a fire elemental
  3593 | D:3      | Noticed a water elemental
  3593 | D:3      | Noticed an air elemental
  3787 | D:3      | Noticed Ijyb
  3800 | D:3      | Killed Ijyb
  3927 | D:4      | Reached XP level 6. HP: 50/50 MP: 8/10
  4333 | D:4      | Your scales start taking on a golden yellow colour.
  4333 | D:4      | Reached XP level 7. HP: 34/57 MP: 7/12
  4333 | D:4      | Gained mutation: You are resistant to acid. (rCorr) [Yellow
                  | Draconian growth]
  4533 | D:4      | Noticed Sigmund
  4599 | D:4      | Killed Sigmund
  4994 | D:5      | Entered Level 5 of the Dungeon
  5133 | D:5      | Found a radiant altar of Vehumet.
  5174 | D:5      | Reached XP level 8. HP: 66/66 MP: 10/14
  5337 | D:5      | Reached skill level 5 in Unarmed Combat
  5523 | D:5      | Found a runed translucent door.
  5524 | D:5      | Noticed Crazy Yiuf
  5598 | D:5      | Identified the +7 hunting sling of the Solstice {flame,
                  | *Slow rC+ Str+2}
  5644 | D:5      | Killed Crazy Yiuf
  5937 | D:4      | Reached skill level 5 in Transmutations
  5938 | D:4      | Reached skill level 5 in Fighting
  6068 | D:5      | Found Enuoskir's Antique Weapon Shop.
  6251 | D:5      | Succumbed to a water moccasin's poison

Illustrated notes

Levels and vault maps discovered:
D:1:      amcnicky_arrival_flooded_fountain, layout_basic, serial_shops, shop
D:2:      layout_loops_ring, minmay_indecisive_spiral, uniq_jessica
D:3:      layout_loops_cross, nicolae_qazlal_style_of_elements, bloody_makhleb,
          kennysheep_pointless_box, uniq_ijyb
D:4:      layout_rooms, uniq_sigmund
D:5:      layout_basic, kennysheep_mini_moat, serial_shops, shop,
          uniq_crazy_yiuf_cottage
D:6:      layout_rooms, chei_slow_surprise, amcnicky_altar_gilded,
          nicolae_hepliaklqana_monster_ancestors, gammafunk_ghost_icy

Skill      XL: |  1  2  3  4  5  6  7  8 |
---------------+-------------------------+-----
Dodging        | 2 3 4 |  4.6
Fighting       | 2 3 4 5 |  5.1
Poison Magic   | 1 2 |  2.5
Transmutations | 3 4 5 |  5.1
Spellcasting   | 3 4 |  4.7
Unarmed Combat | 4 5 |  5.5

Action                   |  1- 3 |  4- 6 |  7- 9 || total
-------------------------+-------+-------+-------++-------
Melee: Unarmed           |    77 |   135 |   154 ||   366
       Kick              |    10 |    22 |     2 ||    34
       Headbutt          |    12 |    13 |     4 ||    29
       Tailslap          |     5 |    10 |     6 ||    21
       Punch             |       |     2 |     1 ||     3
 Cast: Beastly Appendage |    20 |    24 |     6 ||    50
       Spider Form       |       |     7 |    20 ||    27
  Use: Scroll            |     3 |     7 |     4 ||    14
       Potion            |     1 |       |     1 ||     2
Armor: Skin              |    21 |    27 |    35 ||    83
Dodge: Dodged            |    42 |    85 |   146 ||   273
